[Event "ICCopen2017"]
[Site "Internet Chess Club"]
[Date "2017.03.25"]
[Round "7"]
[White "hedgie"]
[Black "Renos"]
[Result "0-1"]
[ICCResult "White resigns"]
[WhiteElo "1851"]
[BlackElo "1710"]
[Opening "Bogo-Indian defense, Grünfeld variation"]
[ECO "E11"]
[NIC "QI.01"]
[Time "15:17:50"]
[TimeControl "180+0"]

1. d4 Nf6 2. c4 e6 3. Nf3 Bb4+ 4. Nbd2 b6 5. a3 Bxd2+ 6. Bxd2 Ne4 7. Bc1 Bb7
8. e3 d6 9. Bd3 Nd7 10. Qc2 f5 11. O-O Ndf6 12. b4 c5 13. Bb2 O-O 14. Ne1
Qe7 15. f3 Ng5 16. Rb1 Rae8 17. Qd2 h6 18. bxc5 dxc5 19. dxc5 Qxc5 20. Bd4
Qe7 21. Nc2 e5 22. Ba1 e4 23. fxe4 Nfxe4 24. Bxe4 Nxe4 25. Qb4 Qg5 26. Ne1
Qxe3+ 27. Kh1 Nf2+ 28. Rxf2 Qxf2 29. Nf3 Bxf3 30. gxf3 Re2 {White resigns}
0-1

[Event "ICCopen2017"]
[Site "Internet Chess Club"]
[Date "2017.03.25"]
[Round "7"]
[White "Trentosk"]
[Black "Maxbet"]
[Result "0-1"]
[ICCResult "White forfeits on time"]
[WhiteElo "2546"]
[BlackElo "2856"]
[Opening "Trompowsky attack (Ruth, Opocenský opening)"]
[ECO "A45"]
[NIC "QP.07"]
[Time "15:16:19"]
[TimeControl "180+0"]

1. d4 Nf6 2. Bg5 g6 3. Bxf6 exf6 4. g3 d5 5. e3 c6 6. Bg2 h5 7. h4 Nd7 8.
Ne2 f5 9. Nd2 Nf6 10. c4 dxc4 11. Nxc4 Bb4+ 12. Nc3 Be6 13. Qd3 Ne4 14. O-O
Bxc3 15. Bxe4 fxe4 16. Qxc3 O-O 17. Nd2 Bf5 18. b4 g5 19. Qc5 Qd5 20. Qxd5
cxd5 21. hxg5 Kg7 22. Rac1 Rac8 23. Nb3 b6 24. Rxc8 Rxc8 25. Rc1 Kg6 26.
Rxc8 Bxc8 27. Nd2 Kxg5 28. Nb1 Ba6 29. a3 Bc4 30. Nc3 Kg4 31. Kg2 f6 32. Nb1
Be2 33. Nd2 Bd3 34. Nb3 h4 35. gxh4 Kxh4 36. Nd2 Kg4 37. a4 f5 38. f3+ exf3+
39. Kf2 Be4 40. a5 f4 41. axb6 axb6 42. Nf1 Kf5 43. exf4 Kxf4 44. Ne3 b5 45.
Nd1 Bd3 46. Nc3 Bc4 47. Nb1 Ke4 48. Nd2+ Kxd4 49. Kxf3 Kc3 50. Nb1+ Kxb4 51.
Ke3 Kc5 52. Kd2 d4 53. Na3 b4 54. Nc2 b3 55. Na3 Kb4 56. Nb1 Bb5 57. Kc1 Bd3
58. Nd2 Bh7 59. Kb2 Bc2 60. Nf3 Kc4 61. Nd2+ Kd3 62. Nf3 Ke3 63. Ne1 d3 64.
Ng2+ Kf2 65. Nf4 d2 {White forfeits on time} 0-1

[Event "ICCopen2017"]
[Site "Internet Chess Club"]
[Date "2017.03.25"]
[Round "7"]
[White "Huty"]
[Black "xvs"]
[Result "0-1"]
[ICCResult "White forfeits on time"]
[WhiteElo "1377"]
[BlackElo "1603"]
[Opening "QGD Slav: 3.Nf3"]
[ECO "D11"]
[NIC "QO.17"]
[Time "15:16:47"]
[TimeControl "180+0"]

1. d4 c6 2. Nf3 d5 3. c4 Nf6 4. Bg5 Bf5 5. e3 Qc7 6. Bd3 Bg4 7. h3 Bh5 8. g4
Bg6 9. Bxg6 hxg6 10. Ne5 Nbd7 11. Nc3 Nxe5 12. dxe5 Qxe5 13. Bf4 Qe6 14. Qb3
Qd7 15. O-O-O e6 16. cxd5 exd5 17. e4 d4 18. Ne2 c5 19. e5 Nd5 20. Rhe1 Be7
21. Kb1 b6 22. Bg3 Rxh3 23. Nf4 Nxf4 24. e6 Nxe6 25. Rd3 b5 26. f4 c4 27.
Qd1 cxd3 28. Qxd3 Nxf4 29. Rxe7+ Kxe7 30. Qe4+ Ne6 31. Be5 Rc8 32. a3 Re3
{White forfeits on time}
0-1

[Event "ICCopen2017"]
[Site "Internet Chess Club"]
[Date "2017.03.25"]
[Round "7"]
[White "Buscapina"]
[Black "Tui"]
[Result "1-0"]
[ICCResult "Black resigns"]
[WhiteElo "2139"]
[BlackElo "1832"]
[Opening "Robatsch (modern) defense"]
[ECO "B06"]
[NIC "KF.05"]
[Time "15:16:24"]
[TimeControl "180+0"]

1. e4 g6 2. d4 Bg7 3. c3 d6 4. Be3 a6 5. Qd2 b5 6. Ne2 Bb7 7. Ng3 Nd7 8. Bd3
c5 9. O-O h5 10. f4 h4 11. Ne2 Ngf6 12. f5 gxf5 13. Rxf5 Bxe4 14. Bxe4 Nxe4
15. Qd3 Nef6 16. Nd2 Qc7 17. a4 c4 18. Qc2 d5 19. axb5 e6 20. Rff1 Qb6 21.
bxa6 Rxa6 22. Rxa6 Qxa6 23. Nf3 Ne4 24. Bf4 Nb6 25. Ng5 Qa4 26. Qb1 Nf6 27.
Be5 Nbd7 28. Nxe6 fxe6 29. Qg6+ Kf8 30. Bd6+ Kg8 31. Nf4 Rh6 32. Qg5 Ne4 33.
Qd8+ Kh7 34. Be7 Qc2 35. Qxd7 Ng3 36. hxg3 h3 37. Bf8 Qxg2+ 38. Nxg2 hxg2
39. Kxg2 {Black resigns} 1-0

[Event "ICCopen2017"]
[Site "Internet Chess Club"]
[Date "2017.03.25"]
[Round "7"]
[White "fishmaster"]
[Black "jeffers9"]
[Result "1-0"]
[ICCResult "Black resigns"]
[WhiteElo "1743"]
[BlackElo "1404"]
[Opening "Pirc defense"]
[ECO "B07"]
[NIC "PU.08"]
[Time "15:18:27"]
[TimeControl "180+0"]

1. e4 d6 2. d4 Nf6 3. Bd3 g6 4. Nf3 Bg7 5. c3 O-O 6. O-O b6 7. Re1 Nc6 8.
Bf4 Bb7 9. Nbd2 e6 10. e5 Nd5 11. Bg3 dxe5 12. dxe5 Nce7 13. Ne4 h6 14. Bh4
g5 15. Bg3 Nf5 16. Qc2 Nxg3 17. hxg3 g4 18. Nh4 c5 19. Rad1 Rc8 20. f4 gxf3
21. gxf3 Qe7 22. Qh2 c4 23. Bc2 b5 24. Kg2 a5 25. Rh1 f5 26. exf6 Nxf6 27.
Ng6 Qf7 28. Nxf8 Rxf8 29. Nd6 Qc7 30. Nxb7 Qxb7 31. Rhf1 Nd5 32. Rde1 b4 33.
Be4 Qb5 34. Qh3 Qb6 35. Bxd5 exd5 36. Qe6+ Kh8 37. Qxb6 {Black resigns} 1-0

[Event "ICCopen2017"]
[Site "Internet Chess Club"]
[Date "2017.03.25"]
[Round "7"]
[White "kabindra"]
[Black "alsaimer"]
[Result "1-0"]
[ICCResult "Black resigns"]
[WhiteElo "1529"]
[BlackElo "1042"]
[Opening "King's pawn game"]
[ECO "C50"]
[NIC "IG.03"]
[Time "15:17:45"]
[TimeControl "180+0"]

1. e4 e5 2. Nf3 Nc6 3. Bc4 h6 4. d4 Bd6 5. d5 Nce7 6. h4 Nf6 7. Nc3 O-O 8.
h5 a6 9. a4 c6 10. dxc6 Nxc6 11. Nh4 Ne7 12. Qxd6 Ng4 13. O-O Nc6 14. Ng6
Kh7 15. Nxf8+ Kh8 16. Bxf7 Qh4 17. Ng6+ Kh7 18. Bf4 exf4 19. Nxh4 Nce5 20.
f3 Ne3 21. Qxe5 {Black resigns} 1-0

[Event "ICCopen2017"]
[Site "Internet Chess Club"]
[Date "2017.03.25"]
[Round "7"]
[White "Polywatson"]
[Black "blunder23"]
[Result "0-1"]
[ICCResult "White forfeits on time"]
[WhiteElo "1699"]
[BlackElo "1478"]
[Opening "Sicilian"]
[ECO "B53"]
[NIC "SI.01"]
[Time "15:15:46"]
[TimeControl "180+0"]

1. e4 c5 2. Nf3 d6 3. d4 cxd4 4. Bc4 e5 5. Ng5 Nh6 6. c3 Qe7 7. cxd4 Be6 8.
Nxe6 fxe6 9. Bxh6 gxh6 10. dxe5 dxe5 11. O-O Nc6 12. Nc3 a6 13. a4 Rd8 14.
Qh5+ Qf7 15. Qg4 Ke7 16. Rad1 Rxd1 17. Rxd1 Rg8 18. Qh4+ Rg5 19. g3 Qf3 20.
Be2 Qf6 21. Kg2 Nd4 22. Bh5 Kd6 23. f4 exf4 24. e5+ Qxe5 25. Bf3 Kc5 26.
Ne4+ Kb6 27. Nxg5 hxg5 28. Qxh7 Nxf3 29. Kxf3 Qe3+ 30. Kg4 Qe2+ 31. Kxg5
Qxd1 32. gxf4 Qd5+ 33. Kf6 Qd4+ 34. Kf7 Bc5 35. Kxe6 Qxb2 36. f5 Qb3+ 37.
Kd7 Qd5+ 38. Kc8 Qc6+ 39. Kd8 Qd6+ 40. Qd7 Qb8+ 41. Qc8 Be7+ 42. Kd7 Qd6+
43. Ke8 Bf6 44. Qe6 Qxe6+ 45. fxe6 Kc6 46. Kf7 Bh4 47. e7 Bxe7 48. Kxe7 Kc5
49. h4 Kb4 50. h5 Kxa4 51. h6 b5 52. h7 b4 53. h8=Q b3 54. Qb2 Kb4
{White forfeits on time}
0-1

[Event "ICCopen2017"]
[Site "Internet Chess Club"]
[Date "2017.03.25"]
[Round "7"]
[White "Navid007"]
[Black "RdgMx"]
[Result "0-1"]
[ICCResult "White forfeits on time"]
[WhiteElo "1931"]
[BlackElo "1821"]
[Opening "French: Rubinstein variation"]
[ECO "C03"]
[NIC "FR.07"]
[Time "15:16:24"]
[TimeControl "180+0"]

1. e4 e6 2. d4 d5 3. Nd2 dxe4 4. Nxe4 Nd7 5. Nf3 Ngf6 6. Bg5 Be7 7. Bxf6
Nxf6 8. Bd3 O-O 9. Qe2 Rb8 10. O-O-O b6 11. g4 Bb7 12. Nxf6+ Bxf6 13. g5
Bxg5+ 14. Kb1 Bh6 15. Rhg1 Qf6 16. Ne5 Rfd8 17. Qh5 Kf8 18. Bxh7 c5 19. dxc5
bxc5 20. Nd7+ Rxd7 21. Rxd7 Bf3 22. Qxc5+ Ke8 23. Rd4 Bd5 24. b3 Qxf2 25.
Rxd5 Qxh2 26. Qc6+ Ke7 27. Qd7+ Kf6 28. Rf1+ Bf4 29. Rd2 Qh6 30. Qd4+ e5 31.
Qd6+ Kg5 32. Qxh6+ Kxh6 33. Rxf4 exf4 34. Rh2+ Kg5 35. Bd3 f6 36. c4 Kg4 37.
Kc2 Kg3 38. Rh1 f3 39. Rg1+ Kf2 40. Rxg7 Ke3 41. Rf7 f2 42. Rxf6 Re8 43.
Re6+ Rxe6 44. Bf1 Kf3 45. Bh3 Re1 46. Kc3 f1=Q 47. Kb4 Qxh3 48. Kb5 Qf5+ 49.
c5 Re6 50. b4 Qe5 51. Kc4 Qe4+ 52. Kb3 Re5 53. Ka4 Rd5 54. Kb5 Rd4 55. Ka4
Rxb4+ 56. Ka5 Qc4 {White forfeits on time} 0-1

[Event "ICCopen2017"]
[Site "Internet Chess Club"]
[Date "2017.03.25"]
[Round "7"]
[White "Templar-Assasin"]
[Black "SPARNALIQ"]
[Result "0-1"]
[ICCResult "White resigns"]
[WhiteElo "2625"]
[BlackElo "3003"]
[Opening "Sicilian: dragon, Yugoslav attack, 7...O-O"]
[ECO "B76"]
[NIC "SI.17"]
[Time "15:16:52"]
[TimeControl "180+0"]

1. e4 c5 2. Nf3 d6 3. d4 cxd4 4. Nxd4 Nf6 5. Nc3 g6 6. Be3 Bg7 7. f3 O-O 8.
Qd2 Nc6 9. g4 Be6 10. O-O-O Rc8 11. h4 Ne5 12. h5 Bc4 13. Bh6 Bxf1 14. Bxg7
Kxg7 15. hxg6 Kg8 16. Qh6 e6 17. g5 fxg6 18. gxf6 Rf7 19. Rdxf1 Qxf6 20.
Rhg1 Nc4 21. Nde2 b5 22. Qg5 Qg7 23. Qxb5 Rb7 24. Qa6 Nxb2 25. Qxd6 Rb6 26.
Qd4 Qxd4 27. Nxd4 Rxc3 28. Kd2 Rc4 29. Nb3 Rd6+ 30. Kc1 Nd3+ 31. Kb1 Nb4 32.
Rd1 Rxd1+ 33. Rxd1 Nxc2 34. Rd8+ Kg7 35. Rd7+ Kf6 36. Rxa7 h5 37. Nd2 Rc8
38. f4 Nd4 39. Rd7 Rb8+ 40. Kc1 Ne2+ 41. Kd1 Nxf4 42. Nf3 g5 43. e5+ Kg6 44.
Nd4 h4 45. Rd6 h3 46. Nf3 g4 47. Nh4+ Kg5 {White resigns} 0-1

[Event "ICCopen2017"]
[Site "Internet Chess Club"]
[Date "2017.03.25"]
[Round "7"]
[White "mrneale"]
[Black "Datwinnik"]
[Result "1-0"]
[ICCResult "Black forfeits on time"]
[WhiteElo "1078"]
[BlackElo "1308"]
[Opening "Queen's pawn game, Chigorin variation"]
[ECO "D02"]
[NIC "QP.08"]
[Time "15:16:58"]
[TimeControl "180+0"]

1. d4 d5 2. Nf3 Nc6 3. Bg5 h6 4. Bh4 g5 5. Bg3 Bg7 6. e3 Nf6 7. Bb5 O-O 8.
Bxc6 bxc6 9. O-O Ne4 10. Nbd2 Bg4 11. h3 Bxf3 12. Nxf3 Qd7 13. Bh2 Rab8 14.
Rb1 f6 15. Nd2 Nd6 16. Qc1 Rb6 17. c4 Rb4 18. a3 Rb7 19. b4 Rfb8 20. cxd5
cxd5 21. Nb3 Rb5 22. Nc5 Qc8 23. Nd3 Nc4 24. Nc5 a5 25. Qc3
{Black forfeits on time}
1-0

[Event "ICCopen2017"]
[Site "Internet Chess Club"]
[Date "2017.03.25"]
[Round "7"]
[White "Iandmyself"]
[Black "Dinamit"]
[Result "0-1"]
[ICCResult "White forfeits on time"]
[WhiteElo "2485"]
[BlackElo "2643"]
[Opening "King's Indian: London system"]
[ECO "A48"]
[NIC "QP.03"]
[Time "15:16:24"]
[TimeControl "180+0"]

1. d4 Nf6 2. Nf3 g6 3. Bf4 Bg7 4. e3 O-O 5. Be2 d6 6. O-O b6 7. h3 Bb7 8. c4
Nbd7 9. Nc3 Ne4 10. Nxe4 Bxe4 11. Bh2 Bb7 12. Qc2 c5 13. Rfd1 cxd4 14. exd4
Rc8 15. Rac1 Nf6 16. Qb3 Ne4 17. d5 Nc5 18. Qa3 a5 19. Nd4 Qd7 20. Bg4 f5
21. Bf3 Rfe8 22. Qe3 Ba8 23. Re1 Bf6 24. Bf4 Qa4 25. a3 Rf8 26. Bh6 Rf7 27.
Rb1 Qxc4 28. Ne6 Bxd5 29. Rec1 Qb3 30. Bxd5 Qxd5 31. b4 axb4 32. axb4 Be5
33. bxc5 bxc5 34. Nf4 Qe4 35. Qxe4 fxe4 36. Nd5 e6 37. Nb6 Re8 38. Nc4 Bd4
39. Nxd6 Rxf2 40. Nxe8 e3 41. Kh1 Kf7 42. Nd6+ Ke7 43. Nb5 e5 44. Re1 e2 45.
Bg5+ Ke6 46. Bh4 Rf5 47. Rxe2 Kd5 48. Bg3 g5 49. Rd1 h5 50. Nxd4 cxd4 51.
Rde1 e4 52. Rxe4 d3 53. Re5+ Rxe5 54. Rxe5+ Kd4 55. Re7 h4 56. Rd7+ Ke4 57.
Bxh4 gxh4 58. Kg1 Ke3 59. Kf1 d2 60. Rd8 Ke4 61. Rxd2 Kf4 62. Ra2 Ke5 63.
Ra4 Kd5 {White forfeits on time} 0-1

[Event "ICCopen2017"]
[Site "Internet Chess Club"]
[Date "2017.03.25"]
[Round "7"]
[White "devotional"]
[Black "JUGGERNOT"]
[Result "1-0"]
[ICCResult "Black checkmated"]
[WhiteElo "2073"]
[BlackElo "1822"]
[Opening "Scandinavian: Marshall variation"]
[ECO "B01"]
[NIC "SD.03"]
[Time "15:17:00"]
[TimeControl "180+0"]

1. e4 d5 2. exd5 Nf6 3. d4 Nxd5 4. Nf3 Bg4 5. Be2 Qd6 6. O-O Nc6 7. c4 Nf4
8. Bxf4 Qxf4 9. d5 O-O-O 10. Nc3 e6 11. Qe1 Bxf3 12. Bxf3 Nd4 13. dxe6 Nxe6
14. Nd5 Qh4 15. g3 Qg5 16. b4 c6 17. h4 Qf5 18. Be4 Qh3 19. Bg2 Qf5 20. Ne3
Qg6 21. b5 c5 22. Qa5 Kb8 23. b6 a6 24. Nd5 Nd4 25. Rae1 Bd6 26. Ne7 Qg4 27.
Re4 Qh5 28. Qc3 Rhe8 29. Rfe1 Bxe7 30. Rxe7 Rxe7 31. Rxe7 Ne2+ 32. Rxe2 Qxe2
33. Qxg7 Qxc4 34. Qe5+ Ka8 35. Bxb7+ Kxb7 36. Qc7+ Ka8 37. Qa7#
{Black checkmated}
1-0

[Event "ICCopen2017"]
[Site "Internet Chess Club"]
[Date "2017.03.25"]
[Round "7"]
[White "Ososul"]
[Black "anakinnn"]
[Result "1-0"]
[ICCResult "Black forfeits on time"]
[WhiteElo "1528"]
[BlackElo "1248"]
[Opening "Alekhine's defense: exchange variation"]
[ECO "B03"]
[NIC "AL.08"]
[Time "15:16:45"]
[TimeControl "180+0"]

1. e4 Nf6 2. e5 Nd5 3. d4 d6 4. c4 Nb6 5. exd6 cxd6 6. Nc3 g6 7. Be3 Bg7 8.
Rc1 O-O 9. Nf3 Nc6 10. b3 Bf5 11. Be2 e5 12. d5 Nb4 13. O-O h5 14. a3 Na6
15. Bd3 Bxd3 16. Qxd3 Nc5 17. Bxc5 dxc5 18. Ne4 f5 19. Nxc5 e4 20. Qe2 exf3
21. Qxf3 Qd6 22. Ne6 Rfe8 23. c5 Qxd5 24. Nc7 Qxf3 25. gxf3 Nd5 26. Nxd5 Re5
27. Rfd1 Kf7 28. b4 Rd8 29. Ne3 Rde8 30. Rd7+ R8e7 31. Rcd1 Bh6 32. Rxe7+
Rxe7 33. Nd5 Rd7 34. Nc3 Rxd1+ 35. Nxd1 Bc1 36. a4 Ba3 37. b5 Bxc5 38. Nc3
g5 39. Kf1 h4 40. h3 Ke6 41. Ke2 Ke5 42. Nd1 f4 43. Nc3 Kd4 44. Ne4 Be7 45.
Kd2 Kc4 46. Kc2 Kb4 47. Kd3 Kxa4 48. Kc4 a6 49. b6 Ka3 50. Kd5 a5 51. Ke6
Bd8 52. Kd7 Bxb6 53. Nxg5 Bxf2 54. Ne4 Bg3 55. Nd2 {Black forfeits on time}
1-0

[Event "ICCopen2017"]
[Site "Internet Chess Club"]
[Date "2017.03.25"]
[Round "7"]
[White "Cowboystiefel"]
[Black "leonardoalmeida"]
[Result "1-0"]
[ICCResult "Black forfeits on time"]
[WhiteElo "2127"]
[BlackElo "1911"]
[Opening "Queen's gambit declined"]
[ECO "D30"]
[NIC "QO.17"]
[Time "15:16:46"]
[TimeControl "180+0"]

1. d4 e6 2. c4 d5 3. Nf3 dxc4 4. e4 a6 5. Bxc4 b5 6. Bb3 Bb7 7. Qe2 Nf6 8.
Nbd2 Be7 9. O-O O-O 10. e5 Nd5 11. Ne4 Nd7 12. Rd1 Rc8 13. Bd2 Qe8 14. Rac1
N7b6 15. Be1 Nf4 16. Qc2 Nbd5 17. a3 h6 18. Ba2 a5 19. Bb1 g6 20. Nc3 b4 21.
Nxd5 Nxd5 22. Qb3 Qb5 23. Bd3 Qb6 24. Be4 bxa3 25. Qxb6 cxb6 26. bxa3 Bxa3
27. Ra1 Be7 28. Rdb1 Rc4 29. Bd3 Rc7 30. Nd2 Nf4 31. Bf1 Bb4 32. Nb3 Bxe1
33. Rxe1 Bd5 34. Reb1 Be4 35. Rb2 Rfc8 36. Nd2 Bd3 37. Rxb6 Bxf1 38. g3 Rc2
39. Ne4 Nh3+ 40. Kxf1 Rc1+ 41. Rxc1 Rxc1+ 42. Kg2 Ng5 43. Nf6+ Kf8 44. h4
Rc8 45. Rb8 Rxb8 46. hxg5 hxg5 47. Nh7+ Ke7 48. Nxg5 a4 49. Nf3 a3 50. Nd2
a2 51. d5 a1=Q 52. d6+ Kd7 53. Ne4 Qxe5 54. Nf6+ {Black forfeits on time}
1-0

[Event "ICCopen2017"]
[Site "Internet Chess Club"]
[Date "2017.03.25"]
[Round "7"]
[White "tryany1"]
[Black "Gravity"]
[Result "1-0"]
[ICCResult "Black forfeits on time"]
[WhiteElo "1514"]
[BlackElo "1103"]
[Opening "QGD: 3.Nc3"]
[ECO "D31"]
[NIC "QO.17"]
[Time "15:17:28"]
[TimeControl "180+0"]

1. d4 e6 2. c4 d5 3. Nc3 Bb4 4. Qa4+ Nc6 5. Nf3 Bxc3+ 6. bxc3 Bd7 7. cxd5
Nce7 8. Qb3 exd5 9. Qxb7 Rb8 10. Qxa7 Nc6 11. Qc5 Nge7 12. e3 O-O 13. Bd3
Ng6 14. Ba3 Nce7 15. h4 c6 16. h5 Nh8 17. Qxe7 Qxe7 18. Bxe7 Rfe8 19. Bd6
Rb6 20. Ne5 Be6 21. Bc5 Rb2 22. O-O f6 23. Nxc6 Nf7 24. Nb4 Nh6 25. Bb5 Rb8
26. Bc6 Ng4 27. Bxd5 Bxd5 28. Nxd5 Re2 29. Nf4 Rd2 30. Bb4 Re8 31. a4 h6 32.
a5 Ra8 33. a6 f5 34. a7 Nf6 35. Ne6 Nd5 36. Bc5 Nxc3 37. Nc7 Rc8 38. a8=Q
Rxa8 39. Rxa8+ Kf7 40. Ra3 Ne2+ 41. Kh2 Rb2 42. d5 f4 43. exf4 Nxf4 44. Rf3
{Black forfeits on time}
1-0

[Event "ICCopen2017"]
[Site "Internet Chess Club"]
[Date "2017.03.25"]
[Round "7"]
[White "fishbein"]
[Black "LionKing93"]
[Result "1-0"]
[ICCResult "Black forfeits on time"]
[WhiteElo "2618"]
[BlackElo "2129"]
[Opening "Sicilian"]
[ECO "B50"]
[NIC "SI.01"]
[Time "15:17:01"]
[TimeControl "180+0"]

1. e4 c5 2. Nf3 d6 3. c3 Nf6 4. Be2 e6 5. O-O d5 6. exd5 exd5 7. d4 c4 8. b3
Be6 9. bxc4 dxc4 10. Nbd2 b5 11. a4 Qa5 12. Bb2 Nbd7 13. axb5 Qxb5 14. Ba3
Bxa3 15. Rxa3 Nb6 16. Ne5 O-O 17. Qa1 a5 18. Rb1 Qa6 19. Qb2 Rfb8 20. Qb5
Qxb5 21. Rxb5 Nbd5 22. Rxb8+ Rxb8 23. Nexc4 Nf4 24. Bf1 Bxc4 25. Nxc4 Rb1
26. g3 N4d5 27. Rxa5 g6 28. Ra3 Ne4 29. Kg2 Ndxc3 30. Bd3 Rd1 31. Ne5 Rd2
32. Kf3 Rxf2+ 33. Ke3 Rxh2 34. Bxe4 Nxe4 35. Kxe4 Re2+ 36. Kd5 Kg7 37. Ra7
Rg2 38. Rxf7+ Kh6 39. Rf3 g5 40. Ke6 g4 41. Rf6+ Kg5 42. d5 Rxg3 43. d6 Re3
44. Rf5+ {Black forfeits on time} 1-0

[Event "ICCopen2017"]
[Site "Internet Chess Club"]
[Date "2017.03.25"]
[Round "7"]
[White "krankenstein"]
[Black "Kolossi"]
[Result "1-0"]
[ICCResult "Black forfeits on time"]
[WhiteElo "1262"]
[BlackElo "1577"]
[Opening "Queen's pawn game"]
[ECO "A45"]
[NIC "QP.07"]
[Time "15:16:22"]
[TimeControl "180+0"]

1. d4 Nf6 2. a3 e6 3. Nc3 d5 4. h3 c5 5. Nf3 Nc6 6. b3 a6 7. e3 b5 8. Na2 c4
9. bxc4 bxc4 10. Be2 Qa5+ 11. c3 Bxa3 12. O-O Qxc3 13. Bxa3 Qxa3 14. Qc1
Qxc1 15. Rfxc1 a5 16. Ne5 Bb7 17. Nxc6 Bxc6 18. Nc3 O-O 19. Rcb1 a4 20. Nb5
Rfb8 21. Nd6 Rxb1+ 22. Rxb1 a3 23. Ra1 Ne4 24. f3 Nc3 25. Bf1 a2 26. e4 Nb1
27. exd5 Bxd5 28. Nxc4 Bxc4 29. Bxc4 Nc3 30. Kf2 Kf8 31. g4 Ke7 32. Ke3 Kd6
33. Kd3 Nd5 34. Rxa2 Rxa2 35. Bxa2 Nf4+ 36. Ke3 Nxh3 37. f4 h6 38. f5 g5 39.
fxe6 fxe6 40. Kf3 Nf4 41. Bc4 Nd5 42. Ke4 Nc3+ 43. Kd3 Na4 44. Bb5 Nb6 45.
Kc3 Nd5+ 46. Kd3 Nf6 47. Bc4 Nxg4 48. Ke4 Nf6+ 49. Kf3 h5 50. Kg2 Nd5 51.
Kg3 Ke7 52. Kf3 Kf6 53. Kg3 g4 54. Kh4 Kf5 55. Kg3 Kg5 56. Kg2 h4 57. Kh2
{Black forfeits on time}
1-0

[Event "ICCopen2017"]
[Site "Internet Chess Club"]
[Date "2017.03.25"]
[Round "7"]
[White "Marcoluis"]
[Black "jjmolina"]
[Result "1-0"]
[ICCResult "Black forfeits on time"]
[WhiteElo "1606"]
[BlackElo "1385"]
[Opening "QGD: Orthodox defense, Bd3 line"]
[ECO "D66"]
[NIC "SL.06"]
[Time "15:17:13"]
[TimeControl "180+0"]

1. d4 e6 2. c4 d5 3. Nc3 c6 4. Nf3 Nf6 5. Bg5 Be7 6. e3 O-O 7. Rc1 Nbd7 8.
Bd3 h6 9. Bh4 a6 10. O-O Re8 11. Re1 Qb6 12. b3 Nf8 13. e4 dxe4 14. Nxe4
Nxe4 15. Bxe7 Rxe7 16. Rxe4 Nd7 17. Bb1 Nf6 18. Re1 Qc7 19. Qd3 Bd7 20. d5
Qf4 21. Nd4 Rae8 22. g3 Qg5 23. h4 Qh5 24. dxc6 Bxc6 25. Nxc6 bxc6 26. Qe2
Qc5 27. Rcd1 e5 28. Rd2 e4 29. Qe3 Qb4 30. Red1 c5 31. Rd8 Qb6 32. Rxe8+
Rxe8 33. Qf4 Qe6 34. Re1 Qe5 35. Qxe5 Rxe5 36. Kf1 Kf8 37. Ke2 Ke7 38. Rd1
{Black forfeits on time}
1-0

[Event "ICCopen2017"]
[Site "Internet Chess Club"]
[Date "2017.03.25"]
[Round "7"]
[White "bennywins"]
[Black "Veldigo"]
[Result "0-1"]
[ICCResult "White checkmated"]
[WhiteElo "1449"]
[BlackElo "1643"]
[Opening "QGD Slav: 4.Nc3"]
[ECO "D15"]
[NIC "SL.03"]
[Time "15:17:16"]
[TimeControl "180+0"]

1. d4 d5 2. c4 c6 3. Nc3 Nf6 4. Nf3 Bf5 5. h3 e6 6. Nh4 Nbd7 7. Nxf5 exf5 8.
Qc2 g6 9. Bg5 Be7 10. e3 Ne4 11. Bxe7 Qxe7 12. cxd5 Nxc3 13. Qxc3 cxd5 14.
Bb5 O-O 15. Rc1 Nf6 16. Bd3 Rac8 17. Qxc8 Rxc8 18. Rxc8+ Kg7 19. O-O Qb4 20.
Rc2 h5 21. a3 Qb6 22. Rfc1 h4 23. Kh2 Qd6+ 24. Kg1 f4 25. Rc7 fxe3 26. fxe3
Qg3 27. Kh1 Qxe3 28. R1c3 Qxd4 29. Rxb7 a5 30. Be2 Qe5 31. Rcc7 Qxe2 32.
Rxf7+ Kh6 33. Rxf6 Qe1+ 34. Kh2 Qe5+ 35. Kh1 Qxf6 36. Rb3 d4 37. Rf3 Qe5 38.
b3 Qe4 39. a4 d3 40. Kg1 d2 41. Rf1 Qe1 42. Rxe1 dxe1=Q+ 43. Kh2 Qc3 44. g3
Qxg3+ 45. Kh1 Qxb3 46. Kh2 Qg3+ 47. Kh1 Qxh3+ 48. Kg1 Qa3 49. Kf1 Qxa4 50.
Kg1 Qb4 51. Kh1 a4 52. Kh2 Qb3 53. Kg2 a3 54. Kh2 a2 55. Kg2 a1=R 56. Kh2
Ra2+ 57. Kg1 Qb1# {White checkmated} 0-1

[Event "ICCopen2017"]
[Site "Internet Chess Club"]
[Date "2017.03.25"]
[Round "7"]
[White "quixotic"]
[Black "blackjack721"]
[Result "1-0"]
[ICCResult "Black forfeits on time"]
[WhiteElo "1540"]
[BlackElo "1318"]
[Opening "QGD: Grau (Sahovic) defense"]
[ECO "D06"]
[NIC "QP.08"]
[Time "15:16:56"]
[TimeControl "180+0"]

1. d4 d5 2. c4 Bf5 3. Nc3 e6 4. Nf3 Nf6 5. Bg5 c6 6. Nh4 Bg6 7. Nxg6 hxg6 8.
h3 Be7 9. e3 Qa5 10. Qc2 dxc4 11. Bf4 b5 12. a3 Nbd7 13. Be2 Nd5 14. O-O
Nxf4 15. exf4 Nf6 16. Bf3 Nd5 17. g3 Rxh3 18. Ne4 Nxf4 19. Bg4 f5 20. Bxh3
Nxh3+ 21. Kg2 fxe4 22. Kxh3 b4 23. Qxe4 Qh5+ 24. Kg2 Rd8 25. Qxc6+ Kf7 26.
Qxc4 Qg4 27. Rfd1 Rh8 28. Qd3 Qh3+ 29. Kf3 Qh5+ 30. Kg2 Qd5+ 31. Kf1 Rh1+
32. Ke2 Rh2 33. Qf3+ Qxf3+ 34. Kxf3 bxa3 35. bxa3 a5 36. a4 Bb4 37. d5 exd5
38. Rxd5 Kf6 39. Rad1 g5 40. Rd6+ Kf7 41. Rd7+ Kg6 42. R7d4 Kh5 43. Rg4 g6
44. Rd5 Kh6 45. Rdxg5 Be1 46. Rxg6+ Kh7 47. Rg7+ Kh8 48. Rd7
{Black forfeits on time}
1-0

[Event "ICCopen2017"]
[Site "Internet Chess Club"]
[Date "2017.03.25"]
[Round "7"]
[White "Kandor"]
[Black "BillietheKid"]
[Result "1-0"]
[ICCResult "Black forfeits on time"]
[WhiteElo "1149"]
[BlackElo "1336"]
[Opening "French: King's Indian attack"]
[ECO "C00"]
[NIC "FR.02"]
[Time "15:17:03"]
[TimeControl "180+0"]

1. e4 e6 2. d3 d5 3. Nd2 Nf6 4. g3 c5 5. Bg2 Be7 6. Ngf3 O-O 7. O-O Nc6 8.
Qe2 d4 9. c3 e5 10. cxd4 cxd4 11. b3 Bg4 12. a3 Qd7 13. b4 Bh3 14. Re1 Bxg2
15. Kxg2 Ng4 16. Nf1 Qe6 17. h3 Nf6 18. g4 Nd7 19. Ng3 g6 20. Kf1 Rfc8 21.
Bg5 h5 22. Bxe7 Nxe7 23. Ng5 Qf6 24. Qf3 Qxg5 25. Ke2 hxg4 26. hxg4 Nf6 27.
Kd1 Qxg4 28. Qxg4 Nxg4 29. Rc1 Nxf2+ 30. Kd2 Ng4 31. Rf1 Ne3 32. Rfe1 Rxc1
33. Rxc1 Nc6 34. Rc5 a5 35. b5 Ne7 36. Rxe5 Kf8 37. b6 Rc8 38. Rxa5 Rc2+ 39.
Ke1 Rb2 40. Ra8+ Kg7 41. Rb8 Rxb6 42. Re8 Nc6 43. Rc8 Rb3 44. a4 Rxd3 45.
Rb8 Nc4 46. Rxb7 Rxg3 47. Rc7 N4a5 48. e5 Re3+ 49. Kd2 Rxe5 50. Kd3 Re3+ 51.
Kd2 Ra3 52. Kc2 Rxa4 53. Rd7 Ra2+ 54. Kd3 Ra3+ 55. Ke4 Nc4 56. Kd5 N4e5 57.
Rd6 Rc3 58. Ke4 d3 59. Rd7 Rc4+ 60. Rd4 {Black forfeits on time} 1-0

[Event "ICCopen2017"]
[Site "Internet Chess Club"]
[Date "2017.03.25"]
[Round "7"]
[White "BurninggIce"]
[Black "Werewolf"]
[Result "1-0"]
[ICCResult "Black checkmated"]
[WhiteElo "2035"]
[BlackElo "2154"]
[Opening "Queen's gambit accepted"]
[ECO "D20"]
[NIC "QG.03"]
[Time "15:17:11"]
[TimeControl "180+0"]

1. d4 d5 2. c4 dxc4 3. Nc3 Nf6 4. e3 a6 5. Bxc4 b5 6. Bd3 Bb7 7. f3 e6 8.
Nge2 c5 9. O-O Nc6 10. Kh1 cxd4 11. exd4 Bd6 12. Bg5 h6 13. Bh4 g5 14. Bf2
Nh5 15. Ne4 Bc7 16. N2g3 Nf4 17. Bc2 h5 18. Nc5 Rb8 19. Nxb7 Rxb7 20. Be4
Nd5 21. Rc1 Nce7 22. Re1 Qd6 23. Nf1 h4 24. Qd2 Rg8 25. Qc2 Rb6 26. Qc5 Qd8
27. Ne3 Rc6 28. Qa3 Rxc1 29. Rxc1 Nxe3 30. Bxe3 Bd6 31. Qxa6 Nd5 32. Qxb5+
Kf8 33. Bxd5 exd5 34. Qxd5 h3 35. g3 Qf6 36. Rc8+ Kg7 37. Rxg8+ Kxg8 38.
Qxg5+ Qxg5 39. Bxg5 f5 40. Bf4 Be7 41. Kg1 Kf7 42. Kf2 Ke6 43. g4 Kd5 44.
Be5 Bh4+ 45. Bg3 Bf6 46. Be5 Bh4+ 47. Ke3 Be1 48. gxf5 Bb4 49. f6 Bf8 50. a4
Bh6+ 51. f4 Bf8 52. Kf3 Bb4 53. f5 Be1 54. f7 Bb4 55. a5 Kc6 56. Bg7 Kb5 57.
f8=Q Bxf8 58. Bxf8 Kxa5 59. f6 Kb6 60. f7 Kc7 61. Bd6+ Kxd6 62. f8=Q+ Kd5
63. Qf5+ Kxd4 64. Qxh3 Kd3 65. Qe6 Kc2 66. b4 Kb1 67. Qe2 Ka1 68. Qd2 Kb1
69. Ke3 Ka1 70. Kd3 Kb1 71. Kc3 Ka1 72. Qb2# {Black checkmated} 1-0